 Dungeon Crawl Stone Soup version 0.16-a0-2930-gdd371d7 (webtiles) character file.

147 RobertPalmer the Charlatan (level 5, 0/25 HPs)
             Began as a Vine Stalker Artificer on Dec 3, 2014.
             Succumbed to an adder's poison
             ... on level 3 of the Dungeon.
             The game lasted 00:04:29 (2338 turns).

RobertPalmer the Charlatan (Vine Stalker Artificer) Turns: 2338, Time: 00:04:29

Health: 0/25       AC:  3    Str: 19    XL:     5   Next: 29%
Magic:  6/11       EV: 11    Int: 18    God:
Gold:   80         SH:  0    Dex: 14    Spells: 0 memorised, 4 levels left

rFire  . . .     SeeInvis .     a - +0 short sword
rCold  . . .     Clarity  .     e - +0 leather armour
rNeg   . . .     SustAb   .     (no shield)
rPois  .         Gourm    .     (no helmet)
rElec  .         Spirit   +     (no cloak)
rCorr  .         Warding  .     (no gloves)
rMut   .         Stasis   .     (no boots)
MR     .....                    (no amulet)
Stlth  ++........               (no ring)
                                (no ring)

@: mighty, brilliant, lethally poisoned, not resistant to hostile enchantments,
unstealthy
A: fangs 2, regeneration 1, magic shield, antimagic bite, no device heal 3, rot
immunity
a: no special abilities


You were on level 3 of the Dungeon.
You were hungry.

You visited 1 branch of the dungeon, and saw 3 of its levels.

You collected 80 gold pieces.


Innate Abilities, Weirdness & Mutations

You have extremely sharp teeth.
Your natural rate of healing is unusually fast.
When hurt, damage is shared between your health and your magic reserves.
Your bite disrupts and absorbs the magic of your enemies.
Potions and wands cannot restore your health.
You are immune to rotting.


   Skills:
 - Level 0.8 Fighting
 - Level 0.8 Short Blades
 - Level 1.5 Dodging
 - Level 1.2 Stealth
 + Level 5.6 Evocations


You had 4 spell levels left.
You didn't know any spells.

Inventory:

Hand weapons
 a - a +0 short sword (weapon)
Missiles
 g - 21 poisoned needles
Armour
 e - a +0 leather armour (worn)
Jewellery
 r - an uncursed ring of positive energy {unknown}
Magical devices
 b - a wand of flame (10)
 c - a wand of enslavement (15)
 d - a wand of random effects (15)
Scrolls
 h - 3 scrolls of immolation {unknown}
 i - 3 scrolls of identify {unknown}
 o - a scroll of enchant armour {unknown}
 p - a scroll of recharging {unknown}
 t - a scroll of enchant weapon {unknown}
 u - a scroll of remove curse {unknown}
 v - a scroll of teleportation {unknown}
Potions
 j - a potion of mutation {unknown}
 l - a potion of resistance {unknown}
 n - a potion of brilliance
 q - a potion of might
 s - a potion of cure mutation {unknown}
 w - a potion of haste {unknown}
 x - a potion of ambrosia {unknown}
Comestibles
 f - 4 bread rations
 k - 3 meat rations
 m - a slice of pizza

Dungeon Overview and Level Annotations

Branches:
Dungeon (3/15)

Altars:
Kikubaaqudgha
Makhleb
The Shining One

#####.#### #........#
#.######.# #.....##.#
#..##.##.#
#..##.##.###########
............)......+ .
##.###.#.....###.###.....
#..............f†..#
#####........##...#.#
.###..#......#....#
..#..###........#.#
######
#.#.##_##(.⌠......#
#....#
#.#..##'().........
#.##.#
#.##..#...P..#######
#.##.# #.##....P≈≈P.#
###### #.#..#
#..#.........# #....#
#.#.##


There were no monsters in sight!


Message History

The adder poisons you!
You hit the adder.
The adder is almost dead.
You feel sick. The adder bites you.
* * * LOW HITPOINT WARNING * * *
You are lethally poisoned!
The adder poisons you! The adder bites you.
* * * LOW HITPOINT WARNING * * *
You miss the adder.
The adder is almost dead.
* * * LOW HITPOINT WARNING * * *
You feel sick. The adder bites you.
* * * LOW HITPOINT WARNING * * *
You miss the adder.
The adder is almost dead.
* * * LOW HITPOINT WARNING * * *
You feel sick. The adder closely misses you. The adder closely misses you.
You hit the adder.
You kill the adder!
* * * LOW HITPOINT WARNING * * *
You feel sick.
Drink which item? (? for menu, Esc to quit)
It was a potion of brilliance.
You feel clever all of a sudden.
* * * LOW HITPOINT WARNING * * *
You feel sick.
Drink which item? (? for menu, Esc to quit)
It was a potion of might.
You feel very mighty all of a sudden.
You die...

Action                   |  1- 3 |  4- 6 || total
-------------------------+-------+-------++-------
Melee: Short sword       |    95 |    95 ||   190
Evoke: Wand              |     1 |     4 ||     5
  Use: Potion            |       |     2 ||     2
  Eat: Chunk             |     1 |     3 ||     4

Vault maps used:
D:1:      scummos_arrival_checkerplants, minmay_misc_feat_iff,
          minmay_misc_feat_enclosed
D:2:      kennysheep_vampire_church, nicolae_overflow_crystal_walls
D:3:      tso_oasis_becter, first_bread

Notes
Turn   | Place    | Note
--------------------------------------------------------------
     0 | D:1      | RobertPalmer, the Vine Stalker Artificer, began the quest for the Orb.
     0 | D:1      | Reached XP level 1. HP: 9/9 MP: 1/1
   116 | D:1      | Reached skill level 3 in Evocations
   187 | D:1      | Reached XP level 2. HP: 14/14 MP: 4/4
   778 | D:2      | Reached skill level 4 in Evocations
   778 | D:2      | Reached XP level 3. HP: 6/17 MP: 3/6
   951 | D:2      | Found a burning altar of Makhleb.
  1571 | D:2      | Reached XP level 4. HP: 21/21 MP: 8/8
  1592 | D:2      | Found an ancient bone altar of Kikubaaqudgha.
  1592 | D:2      | Noticed a vampire bat
  1708 | D:2      | Killed a vampire bat
  1708 | D:2      | Reached skill level 5 in Evocations
  2033 | D:3      | Found a glowing golden altar of the Shining One.
  2036 | D:3      | Reached XP level 5. HP: 23/25 MP: 11/11
  2336 | D:3      | HP: 2/25 [poisoned by an adder]
  2338 | D:3      | Succumbed to an adder's poison

Vanquished Creatures
  A vampire bat (D:2)
  A hound skeleton (D:3)
  5 adders
  A giant gecko (D:3)
  A ball python (D:3)
  A bat skeleton (D:2)
  5 bat zombies (D:2)
  2 giant cockroaches
  5 goblins
  8 hobgoblins
  6 kobolds
  A quokka (D:2)
  8 bats
  2 giant newts (D:2)
  4 rats
51 creatures vanquished.
